AoeStats
← ÑAÑO

Arabia

508960251Analyzed
3v3 RM · 6d ago on Sep 24, 2026· 56m 19s· 6 players
Game mode
Random Map
Map size
Normal (6 player)
Population
200
Speed
Normal
Resources
Standard
Victory
Conquest
Starting age
Dark Age
Ending age
Imperial Age
RankedLock teamsTeams togetherTeam positionsShared explorationLock speedFull tech treeHidden civsTurbo modeCheats
Victory
Defeat
🇨🇿 Danes · Czechia
1166
+11
🇨🇱 Vikings · Chile
1078
+15
🇨🇳 Franks · China
999
+18
🇬🇧 Saxons · United Kingdom
1109
-17
🇺🇸 Celts · United States
1040
-14
🇺🇸 Lithuanians · United States
1002
-13
dacotton1
8:43 Loom
10:35 Feudal Age
12:21 Double-Bit Axe
12:17 Horse Collar
15:41 Town Watch
19:44 Castle Age
18:16 Scale Mail Armor
18:59 Arson
19:37 Forging
21:02 Wheelbarrow
20:01 Pikeman
21:44 Chain Mail Armor
23:48 Hand Cart
25:43 Iron Casting
26:35 Town Patrol
28:01 Fletching
29:11 Murder Holes
36:08 Stronghold
37:51 Ballistics
40:09 Imperial Age
45:18 Hoardings
shabolobodingdong
11:41 Feudal Age
18:46 Castle Age
18:03 Double-Bit Axe
18:11 Stone Mining
31:26 Imperial Age
30:07 Scale Barding Armor
31:49 Chain Barding Armor
34:23 Husbandry
34:35 Bloodlines
36:18 Loom
Wololo
10:47 Feudal Age
9:03 Loom
15:45 Castle Age
14:17 Double-Bit Axe
15:27 Horse Collar
15:40 Gold Mining
24:15 Forging
25:37 Iron Casting
27:29 Arson
30:47 Squires
35:07 Scale Mail Armor
37:30 Chain Mail Armor
49:47 Man-at-Arms
Stromovous
6:28 Loom
9:29 Feudal Age
7:47 Loom
11:43 Double-Bit Axe
15:52 Castle Age
20:00 Scale Mail Armor
21:11 Horse Collar
21:47 Bow Saw
22:31 Heavy Plow
25:22 Wheelbarrow
24:58 Gambesons
26:17 Stone Mining
27:00 Forging
26:43 Pikeman
27:28 Squires
27:29 Town Watch
29:28 Hand Cart
30:01 Chain Mail Armor
30:05 Arson
31:46 Town Patrol
32:43 Hamask
34:55 Gold Mining
38:45 Imperial Age
38:56 Halberdier
39:59 Conscription
39:13 Elite Varangian Guard
42:26 Masonry
42:24 Siege Engineers
44:23 Chemistry
43:22 Murder Holes
46:26 Iron Casting
46:21 Plate Mail Armor
45:57 Elite Jomsviking
46:38 Northmen's Fury
49:28 Blast Furnace
53:01 Gold Shaft Mining
53:03 Stone Shaft Mining
ÑAÑO
0:26 Loom
11:35 Feudal Age
12:17 Double-Bit Axe
20:21 Castle Age
19:43 Horse Collar
19:55 Stone Mining
19:59 Gold Mining
34:13 Bow Saw
35:09 Heavy Plow
39:21 Gold Shaft Mining
42:28 Murder Holes
44:37 Scale Mail Armor
44:48 Forging
49:11 Imperial Age
55:29 Iron Casting
55:09 Chain Mail Armor
56:41 Chieftains
56:02 Elite Berserk
无糖薄荷糖
11:20 Feudal Age
15:00 Double-Bit Axe
21:16 Castle Age
21:01 Stone Mining
22:55 Scale Barding Armor
23:02 Forging
25:14 Bow Saw
25:02 Gold Mining
25:27 Husbandry
26:50 Gold Shaft Mining
30:07 Scale Mail Armor
29:51 Ordonnance Companies
30:27 Loom
34:47 Chain Mail Armor
36:36 Iron Casting
42:29 Imperial Age
40:36 Wheelbarrow
40:27 Padded Archer Armor
40:20 Fletching
43:17 Treadmill Crane
44:19 Fortified Wall
45:40 Masonry
45:21 Town Watch
50:31 Conscription
51:34 Squires
51:22 Gambesons
52:23 Elite Throwing Axeman
53:08 Arson
Connection lost

Rejoining the realm…

Still unreachable

The connection could not be restored.

Session expired

The server has moved on; the page needs a fresh start.